Match 38312723
Unlisted

Match 38312723
End
Kradschützen Motorcycle Team
Panzergrenadier Squad
250 Light Carrier
Construct Light Support Kompanie
Combat Half-tracks
Construct Mechanized Kompanie
Support Armor Elements
Panzerjäger Mechanized Group
StuG III D Assault Gun
Rapid Advance
Emergency Repair Kits
Vehicle Survival Package
Marder III Tank Destroyer
Marder III Tank Destroyer
Veteran Squad Leaders
Selects Armored Support Battlegroup
Selects Vehicle Awareness
Selects Panzer Storm
Construct Panzerarmee Kommand
Advanced Optics
Panzerpioneer Squad
Marder III Tank Destroyer
Panzer Storm
Armored Reserves
Selects Stuka Anti-tank Loiter
Selects Superior Fire Drills
Selects Stuka Anti-tank Loiter
Selects Veteran Gunners
Tungsten Core Ammunition
Tiger Heavy Tank
Panzerpioneer Squad
Flakvierling Half-track
Flakvierling Half-track
Flakvierling Half-track
Panzer III Assault Group
Advanced Field Repairs
Panzer IV Assault Group
Marder III Tank Destroyer
Pak 38 Anti-tank Gun Team
Pak 38 Anti-tank Gun Team
BMxANGRYBATMANBIGWHEEL
RagingJenni
SneaKerz
gb_gbg
0
0

Comments sign in to comment!

No comments posted yet!